 Dungeon Crawl Stone Soup version 0.20.1-1-g8b1a95d (webtiles) character file.

82 Jawreze the Bolt Thrower (level 4, -3/26 HPs)
             Began as a Kobold Hunter on Aug 27, 2017.
             Was an Initiate of Makhleb.
             Slain by an adder (4 damage)
             ... on level 2 of the Dungeon.
             The game lasted 00:02:59 (1917 turns).

Jawreze the Bolt Thrower (Kobold Hunter)            Turns: 1917, Time: 00:02:59

Health: -3/26      AC:  3    Str:  9    XL:     4   Next: 70%
Magic:  4/4        EV: 15    Int: 12    God:    Makhleb [......]
Gold:   143        SH:  0    Dex: 16    Spells: 3/3 levels left

rFire    . . .     SeeInvis .   g - +2 rapier (vamp)
rCold    . . .     Gourm    .   (shield restricted)
rNeg     . . .     Faith    .   c - +0 leather armour
rPois    .         Spirit   .   (no helmet)
rElec    .         Reflect  .   (no cloak)
rCorr    .         Harm     .   (no gloves)
MR       .....                  (no boots)
Stlth    ++........             (no amulet)
Regen    0.1/turn               (no ring)
MPRegen  0.1/turn               (no ring)

@: lethally poisoned (-3 -> -5)
A: carnivore 3
a: Renounce Religion


You were on level 2 of the Dungeon.
You worshipped Makhleb.
Makhleb was noncommittal.
You were completely stuffed.

You visited 1 branch of the dungeon, and saw 3 of its levels.

You collected 143 gold pieces.

Inventory:

Hand Weapons
 a - a +1 hand crossbow
 b - a +0 short sword
 g - a +2 vampiric rapier (weapon)
Missiles
 d - 41 bolts
Armour
 c - a +0 leather armour (worn)
Jewellery
 h - a +4 ring of slaying {unknown}
Wands
 o - a wand of confusion (21/48)
Scrolls
 e - a scroll of teleportation {unknown}
 i - 2 scrolls of fear {unknown}
 j - 2 scrolls of identify {unknown}
 n - 3 scrolls of immolation {unknown}
 p - a scroll of blinking {unknown}
 r - a scroll of noise {unknown}
Potions
 k - 2 potions of mutation {unknown}
 m - a potion of haste {unknown}
Comestibles
 f - a meat ration
 l - a royal jelly


   Skills:
 - Level 2.1 Fighting
 + Level 1.0 Short Blades
 * Level 6.4 Crossbows
 + Level 2.8 Dodging
 + Level 2.3 Stealth


You had 3 spell levels left.
You didn't know any spells.

Dungeon Overview and Level Annotations

Branches:
Dungeon (3/15)

Altars:
Makhleb
Trog


Innate Abilities, Weirdness & Mutations

You are small and have problems with some larger weapons.
You are carnivorous and can eat meat at any time.


Message History

The adder moves out of view.
The quokka twitches its whiskers.
The quokka completely misses you. The adder bites you but does no damage.
You climb upwards.
There is a stone staircase leading down here.
You hit the adder.
The adder is heavily wounded.
The orc misses you. The adder barely misses you. The quokka bites you.
* * * LOW HITPOINT WARNING * * *
You closely miss the adder.
The adder is heavily wounded.
You feel sick. The adder bites you.
* * * LOW HITPOINT WARNING * * *
The orc misses you. The quokka misses you.
The adder bites you but does no damage.
You closely miss the adder.
The adder is heavily wounded.
The quokka bites you but does no damage.
The orc hits you but does no damage. The adder bites you.
You die...

######### ##############
........# #######.......##...#
#######.###....or.......##...####
###......####@........+....... ##
#........####S.......##...####
.♣♣♣.♣......#.......(...##...#
#♣♣P..#'###.#'##........######
.♣P♣.♣#.# #....#..(.....# #####
.....♣#.# #....#(.......# #...#
#♣♣P♣♣#.###....#(#####'## #...#
#...#........#.# #.# #...#
#..######....#.#####.######...#


You could see an adder, an orc and a quokka.

Vanquished Creatures
  3 adders (D:2)
  An ooze (D:1)
  2 worms (D:2)
  2 dart slugs (D:2)
  A leopard gecko (D:1)
  2 bats (D:2)
  2 giant cockroaches
  7 hobgoblins
  9 kobolds
  3 frilled lizards
  4 goblins (D:2)
  5 rats
41 creatures vanquished.

Notes
Turn   | Place    | Note
-------+----------+-------------------------------------------
     0 | D:1      | Jawreze the Kobold Hunter began the quest for the Orb.
     0 | D:1      | Reached XP level 1. HP: 12/12 MP: 1/1
    19 | D:1      | Reached skill level 5 in Crossbows
   103 | D:1      | Reached XP level 2. HP: 17/17 MP: 2/2
   489 | D:1      | Reached XP level 3. HP: 21/21 MP: 3/3
   948 | D:2      | Reached skill level 6 in Crossbows
  1202 | D:2      | Reached XP level 4. HP: 20/26 MP: 4/4
  1445 | D:2      | Found a bloodstained altar of Trog.
  1480 | D:2      | Reached skill level 1 in Short Blades
  1677 | D:2      | Found a burning altar of Makhleb.
  1762 | D:2      | Became a worshipper of Makhleb the Destroyer
  1903 | D:3      | Found a faded altar of an unknown god.
  1916 | D:2      | HP: 1/26 [adder (4)]
  1917 | D:2      | Slain by an adder

Skill      XL: |  1  2  3  4 |
---------------+-------------+-----
Crossbows      | 5 6 |  6.4
Stealth        | 2 |  2.3
Short Blades   | 1 |  1.0
Fighting       | |  2.1
Dodging        | |  2.8

Action                   |  1- 3 |  4- 6 || total
-------------------------+-------+-------++-------
Melee: Short sword       |    87 |       ||    87
       Rapier            |    30 |    42 ||    72
 Fire: Hand crossbow     |    10 |       ||    10
 Stab: Distracted        |     1 |       ||     1
       Sleeping          |       |     2 ||     2
  Eat: Chunk             |    10 |     6 ||    16
Armor: Leather armour    |    31 |    10 ||    41
Dodge: Dodged            |    91 |    42 ||   133
